 Dungeon Crawl Stone Soup version 0.32-a0-411-g744942f433 (webtiles) character file.

Game seed: 17487513135272021034

1281 ezpacito the Trooper (level 8, -4/61 HPs)
             Began as a Coglin Chaos Knight on Feb 21, 2024.
             Was a Plaything of Xom.
             Killed from afar by an electric eel (16 damage)
             ... with a bolt of electricity
             ... on level 6 of the Dungeon.
             The game lasted 00:11:41 (4246 turns).

ezpacito the Trooper (Coglin Chaos Knight)          Turns: 4246, Time: 00:11:42

Health: -4/61      AC:  5    Str: 16    XL:     8   Next: 54%
Magic:  10/10      EV: 12    Int: 11    God:    Xom [..*...]
Gold:   202        SH:  0    Dex: 13    Spells: 0/10 levels left

rFire   + . .        w - +0 war axe (chaos) {Adela}
rCold   + . .        a - +0 hand axe (chaos) {Kasem}
rNeg    . . .        y - +0 troll leather armour
rPois   .            (helmet restricted)
rElec   .            (no cloak)
rCorr   .            E - +1 pair of gloves
SInv    .            (no boots)
Will    .....        f - amulet of reflection
Stlth   +            t - ring of protection from fire
HPRegen 1.10/turn    o - ring of flight
MPRegen 0.12/turn

%: reflection, clarity
@: confused, ambrosia-drunk, flying, revving
A: off-hand wielding, slow wielding, warmup strikes, legs shutdown, horns 1,
clarity, cold resistance 1
a: Renounce Religion


You were on level 6 of the Dungeon.
You worshipped Xom.
You were a toy of Xom.
You visited 2 branches of the dungeon, and saw 7 of its levels.
You also visited: Sewer.

You collected 319 gold pieces.
You spent 117 gold pieces at shops.

Inventory:

Hand Weapons
 a - a +0 hand axe of chaos (offhand) {Kasem}
 w - a +0 war axe of chaos (weapon) {Adela}
 F - a +0 broad axe
Missiles
 k - 22 poisoned darts (quivered)
 l - a javelin
Armour
 h - a +0 helmet
 x - a +0 plate armour
 y - a +0 troll leather armour (worn)
 E - a +1 pair of gloves (worn)
Jewellery
 b - a ring of see invisible
 f - an amulet of reflection (around neck)
 o - a ring of flight (right grasper)
 t - a ring of protection from fire (left grasper)
Talismans
 g - a blade talisman
Wands
 e - a wand of polymorph (1)
 n - a wand of charming (2)
 A - a wand of iceblast (4)
 G - a wand of digging (5)
Scrolls
 c - a scroll of butterflies
 i - a scroll of torment
 m - a scroll of immolation
 r - 2 scrolls of teleportation
Potions
 d - 3 potions of curing
 j - 3 potions of lignification
 q - a potion of haste {unknown}
 s - a potion of heal wounds {unknown}
 u - a potion of mutation {unknown}
 v - a potion of attraction {unknown}
 z - 2 potions of enlightenment {unknown}
 C - a potion of resistance {unknown}
 D - a potion of cancellation {unknown}
 H - a potion of invisibility {unknown}


   Skills:
 * Level 4.5 Fighting
 * Level 4.5 Axes
 + Level 1.7 Throwing
 * Level 3.6 Armour
 * Level 3.0 Dodging
 + Level 2.2 Stealth
 * Level 2.8 Unarmed Combat
 + Level 1.7 Spellcasting
 + Level 1.5 Summonings
 + Level 1.8 Translocations
 * Level 1.8 Alchemy
 * Level 3.5 Evocations


You couldn't memorise any spells.
You knew the following spells:

 Your Spells              Type           Power      Damage    Failure   Level
a - Blink                 Tloc           8%         N/A       26%         2
b - Momentum Strike       Conj/Tloc      4%         3d8       36%         2
c - Summon Small Mammal   Summ           16%        N/A       19%         1
d - Mephitic Cloud        Conj/Alch/Air  2%         N/A       63%         3
e - Lesser Beckoning      Tloc           8%         N/A       26%         2

Your spell library contained the following spells:

 Spells                   Type           Power      Damage    Failure   Level
 Freeze                   Ice            0%         1d3       34%         1
 Mercury Vapours          Alch/Air       6%         N/A       36%         2
 Call Canine Familiar     Summ           4%         N/A       50%         3
 Frozen Ramparts          Ice            0%         1d1       71%         3
 Hailstorm                Conj/Ice       0%         3d5       71%         3
 Summon Blazeheart Golem  Fire/Summ      2%         N/A       95%         4
 Freezing Cloud           Conj/Ice/Air   0%         6-21      100%        5


Dungeon Overview and Level Annotations

Branches:
Dungeon (6/15)             Temple (1/1) D:4           Sewer (visited)

Altars:
Ashenzari
Cheibriados
Dithmenos
Hepliaklqana
Kikubaaqudgha
Nemelex Xobeh
Okawaru
Qazlal
Vehumet
Wu Jian
Yredelemnul

Shops:
D:3 *


Innate Abilities, Weirdness & Mutations

You can wield a second weapon in your off-hand.
It takes a long time for you to wield or remove held weapons.
Your first few attacks do less damage.
Attacking and casting redirects power from your legs.
You have a pair of small horns on your head.
You possess an exceptional clarity of mind.
Your flesh is cold resistant. (rC+)


Message History

You cannot move.
You start resting.
You are no longer unable to travel.
You start resting.
An adder comes into view.
An adder is nearby!
An adder is nearby!
An adder is nearby!
An adder is nearby!
An adder is nearby!
You see here an iguana corpse.
A gnoll comes into view. It is wielding a +0 spear.
The gnoll shouts!
You hear an angry hiss.
You see here an iguana corpse.
The adder hisses angrily.
The gnoll hits you with a +0 spear.
The electric eel shoots out a bolt of lightning at you!
The bolt of electricity hits the gnoll!
The bolt of electricity misses you. x2
Items here: ))) [ ††.
You hit the gnoll with your +0 war axe of chaos.
You feel better.
You kill the gnoll!
Unknown command.
You hit the adder with your +0 hand axe of chaos.
The adder blinks!
The adder is heavily wounded.
The electric eel shoots out a bolt of lightning at you!
The bolt of electricity hits you! x2
* * * LOW HITPOINT WARNING * * *
A gnoll comes into view. It is wielding a +0 halberd.
Okay, then.
You are confused.
You feel invigorated.
You are no longer unable to travel.
The electric eel shoots out a bolt of lightning at you!
The bolt of electricity hits you.
* * * LOW HITPOINT WARNING * * *
The bolt of electricity hits you!
You die...
Xom cackles wildly!

* ,... *..>.... ,*
***#.## * ##... * ##*
####..## #... ,
,~♣♣♣~♣######<.....#
#...
,**~~~P~~~.>..)...)).##
#...
~~~~~~~~S~###.#.)))...#
#... ~ ~~ ≈~P~~P*
#.##.....^# #... ~~~
~P~~~SP♣##†##......#
##.. ~
~~~~~P~~~~#@#######.##
##. ~~~~P~~~~~gS)..#
#..# #### * ~~,,
.~?~.~)....# ##.####...
, ,,,.....S.....#
#..~.#.## ,,, ,
..~.~~~~~♣## #..~~..#
,~~,.~~~~~~♣~P #.P~~.##
** ~~~~~P~~♣♣###
#...P## * P♣♣~~♣*
##.~.# ** ♣♣♣* #####


You could see an electric eel, a gnoll and an adder.

Vanquished Creatures
  An ogre (D:5)
  Blork the orc (D:5)
  A gnoll sergeant (D:6)
  3 scorpions
  An electric eel (D:6)
  A hound (D:5)
  2 jellies (D:5)
  5 orc priests (D:5)
  2 iguanas
  3 sleepcaps
  2 orc wizards (D:5)
  A hell rat (Sewer)
  9 gnolls (D:6)
  5 adders
  2 river rats (Sewer)
  2 shadow imps
  2 dart slugs
  2 ribbon worms
  16 orcs
  8 ball pythons
  11 endoplasms
  5 giant cockroaches
  7 goblins
  3 hobgoblins (D:2)
  13 jackals
  8 kobolds
  11 quokkas
  3 bats (D:1)
  7 frilled lizards
  10 rats
147 creatures vanquished.

Notes
Turn   | Place    | Note
-------+----------+-------------------------------------------
     0 | D:1      | ezpacito the Coglin Chaos Knight began the quest for the
                  | Orb.
     0 | D:1      | Reached XP level 1. HP: 18/18 MP: 1/1
    69 | D:1      | Reached skill level 1 in Dodging
    76 | D:1      | Reached XP level 2. HP: 18/24 MP: 2/2
   158 | D:1      | Reached XP level 3. HP: 25/29 MP: 3/3
   259 | D:1      | Reached skill level 1 in Stealth
   411 | D:1      | Reached XP level 4. HP: 35/35 MP: 4/4
   672 | D:1      | XOM: god gift: javelin
   732 | D:2      | Reached skill level 1 in Unarmed Combat
   771 | D:2      | Learned a level 2 spell: Blink
  1012 | D:2      | Reached XP level 5. HP: 39/41 MP: 5/5
  1050 | D:2      | Learned a level 2 spell: Momentum Strike
  1309 | D:3      | Found Kuzeafod's Assorted Antiques.
  1317 | D:3      | Bought a helmet for 117 gold pieces
  1400 | D:3      | Found a broken altar of Ashenzari.
  1685 | D:3      | XOM: summons 2 hostile shadow creatures
  2121 | D:4      | Found a shadowy altar of Dithmenos.
  2193 | D:4      | XOM: give mutations
  2193 | D:4      | Gained mutation: Your flesh is cold resistant. (rC+) [Xom's
                  | mischief]
  2193 | D:4      | Gained mutation: You have a pair of small horns on your
                  | head. [Xom's mischief]
  2193 | D:4      | Gained mutation: You possess an exceptional clarity of
                  | mind. [Xom's mischief]
  2330 | D:4      | Learned a level 1 spell: Summon Small Mammal
  2532 | D:4      | Found a staircase to the Ecumenical Temple.
  2541 | Temple   | Entered the Ecumenical Temple
  2548 | D:4      | Found an iron altar of Okawaru.
  2564 | D:4      | Reached skill level 1 in Evocations
  2903 | D:5      | Entered Level 5 of the Dungeon
  2939 | D:5      | Reached XP level 6. HP: 48/48 MP: 7/7
  2981 | D:5      | Reached skill level 1 in Spellcasting
  2986 | D:5      | Found a glowing drain.
  3012 | Sewer    | Entered a sewer
  3201 | D:5      | Reached skill level 1 in Translocations
  3201 | D:5      | Reached XP level 7. HP: 52/54 MP: 8/8
  3232 | D:5      | Learned a level 3 spell: Mephitic Cloud
  3238 | D:5      | Reached skill level 1 in Throwing
  3280 | D:5      | Found an ancient bone altar of Kikubaaqudgha.
  3381 | D:5      | XOM: silly message
  3453 | D:5      | XOM: divination: detect items
  3597 | D:5      | XOM: silly message
  3609 | D:5      | XOM: butterfly on damage
  3818 | D:5      | Reached skill level 1 in Summonings
  3818 | D:5      | Reached skill level 1 in Alchemy
  3818 | D:5      | Reached XP level 8. HP: 31/60 MP: 10/10
  3877 | D:5      | Noticed Blork the orc
  3880 | D:5      | Found a faded altar of an unknown god.
  3884 | D:5      | Killed Blork the orc
  3886 | D:5      | Found a hazy altar of Hepliaklqana.
  3949 | D:6      | XOM: confuse monster(s)
  4175 | D:6      | Learned a level 2 spell: Lesser Beckoning
  4192 | D:6      | XOM: 2-stop teleportation journey
  4218 | D:6      | XOM: divination: magic mapping
  4246 | D:6      | Killed from afar by an electric eel

Illustrated notes

Levels and vault maps discovered:
D:1:      roderic_crop_circles_arrival_small, layout_rooms
D:2:      layout_basic
D:3:      layout_basic, mainiacjoe_overflow_concentric_impassable, serial_shops,
          nicolae_shop_waterfront
D:4:      layout_rooms, mainiacjoe_overflow_paths, okawaru_metal_pillars_1_2,
          minmay_temple_entry_butterflies, serial_library,
          serial_library_hellmonk_junction,
          serial_library_hellmonk_reading_circle,
          serial_library_hellmonk_statue_hall,
          serial_library_hellmonk_open_square, serial_library_hellmonk_u_bend,
          serial_library_regret_index_double_sided,
          serial_library_hellmonk_recessed_alcove,
          serial_library_hellmonk_long_bookcase, serial_library_hellmonk_room_c,
          serial_library_regret_index_small_wings, kennysheep_doodads,
          kennysheep_generic_room_14
D:5:      layout_loops_ring, mainiacjoe_overflow_tiny_flanked,
          beargit_hepliaklqana_dungeon_heroes, gup_sewer_entry_pipe, minivault_4
D:6:      layout_rooms, serial_bayou, serial_bayou_ford_a, serial_bayou_shore_b,
          serial_bayou_lagoon_a, serial_bayou_pond_e, serial_bayou_shore_a,
          minmay_misc_feat_ornament, dreamdust_wishing_well
Temple:   hellmonk_temple_flake

Skill      XL: |  1  2  3  4  5  6  7  8 |
---------------+-------------------------+-----
Dodging        | 1 2 3 |  3.0
Armour         | 2 3 |  3.6
Stealth        | 1 2 |  2.2
Unarmed Combat | 1 2 |  2.8
Evocations     | 1 2 3 |  3.5
Spellcasting   | 1 |  1.7
Fighting       | 4 |  4.5
Translocations | 1 |  1.8
Axes           | 4 |  4.5
Throwing       | 1 |  1.7
Summonings     | 1 |  1.5
Alchemy        | 1 |  1.8

Action                     |  1- 3 |  4- 6 |  7- 9 || total
---------------------------+-------+-------+-------++-------
  Melee: Hand axe          |    70 |   198 |    72 ||   340
         War axe           |       |    80 |    79 ||   159
         Headbutt          |       |     8 |    16 ||    24
  Evoke: Wand              |       |     1 |     5 ||     6
    Use: Scroll            |       |     8 |     6 ||    14
         Potion            |       |       |     2 ||     2
   Stab: Petrifying        |       |     2 |       ||     2
         Confused          |       |     2 |     3 ||     5
         Held in net/web   |       |     1 |       ||     1
         Sleeping          |       |     1 |       ||     1
 Armour: Leather armour    |    44 |    12 |       ||    56
         Scale mail        |       |     7 |       ||     7
         Troll leather arm |       |    29 |    61 ||    90
  Dodge: Dodged            |    51 |    59 |    45 ||   155
  Block: Other             |     5 |    29 |    20 ||    54
         Reflection        |       |     1 |       ||     1

Table legend: (Time is in decaauts)
 A = Elapsed time spent in this place.
 B = Non-inter-level travel time spent in this place.
 C = Inter-level travel time spent in this place.
 D = Time resting spent in this place.
 E = Time spent auto-exploring this place.
 F = Levels seen in this place.
 G = Mean time per level.
                   A        B        C        D        E       F      G
               +--------+--------+--------+--------+--------+-----+--------+
         Total |   4288 |   4164 |    124 |    194 |   2891 |   8 |  536.0 |
       Dungeon |   4190 |   4066 |    124 |    194 |   2861 |   6 |  698.3 |
        Temple |      1 |      1 |      0 |      0 |      0 |   1 |    1.0 |
         Sewer |     96 |     96 |      0 |      0 |     30 |   1 |   96.0 |
               +--------+--------+--------+--------+--------+-----+--------+

Top non-repeatable levels by time:
     D:5: 963 daAuts
     D:3: 849 daAuts
     D:4: 843 daAuts
     D:1: 734 daAuts
     D:2: 492 daAuts
     D:6: 307 daAuts
   Sewer: 96 daAuts
  Temple: 1 daAuts
